Map: Frozen Temple

Players

memOryfreak

  • Race: Zerg Zerg
  • League: Master

Miszu - Winner!

  • Race: Terran Terran
  • League: Master

VOD

Have the link to the VOD?

Description

Time

  • Played on: May 10, 2016, 10:31 a.m.
  • Length: 9:36
Show
View Real Time Build Order
Export as new Build Order

memOryfreak Zerg 

Build Orders: Hatch First 

Get SALT Encoding   

  12  0:01  Drone  
  13  0:13  Overlord  
  13  0:20  Drone  
  14  0:33  Drone x2  
  16  0:37  Drone  
  17  0:55  Hatchery  
  16  0:57  Drone  
  16  0:59  Drone  
  18  1:11  Extractor  
  18  1:14  Spawning Pool  
  18  1:17  Drone  
  17  1:20  Drone  
  18  1:30  Drone  
  19  1:40  Overlord  
  19  1:55  Drone  
  20  2:01  Queen  
  20  2:02  Zergling x2  
  20  2:06  Queen  
  20  2:07  Zergling x2  
  26  2:11  Metabolic Boost  
  26  2:15  Drone  
  27  2:17  Drone  
  27  2:32  Extractor  
  25  2:38  Queen, Drone x2  
  25  2:39  Overlord  
  30  2:47  Drone x2  
  32  2:54  Drone  
  32  2:55  Drone  
  34  3:05  Drone x2  
  36  3:13  Drone x2  
  36  3:14  Overlord, Drone x2  
  40  3:35  Drone x5  
  40  3:41  Roach Warren, Extractor, Hatchery  
  43  3:43  Drone  
  43  3:49  Overlord, Drone  
  43  3:54  Drone  
  43  3:55  Drone x3  
  48  4:01  Zergling x2  
  48  4:02  Zergling x4  
  51  4:09  Zergling x2  
  52  4:16  Overlord  
  52  4:20  Queen x2  
  52  4:23  Roach x2  
  60  4:30  Overlord x2  
  60  4:35  Spore Crawler  
  60  4:36  Roach, Spore Crawler  
  60  4:44  Drone  
  60  4:45  Evolution Chamber x2  
  59  4:53  Drone  
  59  4:54  Drone x6  
  59  4:56  Ravager x3  
  66  5:09  Drone  
  66  5:10  Drone x2  
  66  5:12  Zerg Ground Armor Level 1  
  66  5:13  Drone x3  
  72  5:19  Drone x3  
  75  5:28  Spore Crawler  
  75  5:31  Zerg Melee Weapons Level 1  
  75  5:33  Spore Crawler  
  73  5:36  Extractor  
  73  5:39  Extractor, Drone  
  73  5:40  Drone x8  
  80  5:44  Overlord x2  
  80  5:54  Zergling x10  
  77  6:15  Drone  
  77  6:16  Drone x10  
  77  6:18  Lair  
  71  6:27  Drone x3  
  71  6:35  Drone  
  72  6:52  Drone x7  
  79  7:05  Drone x6  
  85  7:14  Baneling Nest  
  84  7:19  Drone  
  84  7:20  Drone  
  84  7:21  Drone x6  
  90  7:33  Zerg Missile Weapons Level 1  
  88  7:38  Spire  
  75  7:53  Drone x10  
  81  7:58  Extractor  
  81  7:59  Extractor  
  81  8:02  Drone x5  
  84  8:19  Drone  
  85  8:21  Drone x9  
  85  8:26  Overlord  
  94  8:28  Overseer  
  94  8:36  Overlord x2  
  94  8:39  Queen  
  94  9:00  Mutalisk x8  
  94  9:01  Mutalisk x2  
  110  9:07  Mutalisk x3  
Show
View Real Time Build Order
Export as new Build Order

Miszu Terran - Winner!

Build Orders: Reaper Expand, Hellion Banshee 

Get SALT Encoding   

  12  0:01  SCV  
  13  0:14  SCV  
  14  0:18  Supply Depot  
  14  0:26  SCV  
  15  0:40  SCV  
  15  0:42  Barracks  
  16  0:44  Refinery  
  16  0:52  SCV  
  17  1:04  SCV  
  18  1:16  SCV  
  19  1:29  Reaper  
  19  1:30  Orbital Command  
  20  1:41  Command Center  
  20  1:51  Supply Depot  
  20  1:56  SCV  
  20  2:01  Marine  
  22  2:08  Factory  
  22  2:10  SCV  
  23  2:16  Refinery  
  23  2:22  Barracks Reactor, SCV  
  24  2:37  SCV  
  25  2:49  SCV  
  26  2:54  Starport, Orbital Command  
  26  3:02  SCV  
  26  3:04  Barracks Tech Lab  
  27  3:06  Hellion  
  27  3:07  Hellion  
  31  3:14  SCV  
  32  3:23  SCV  
  32  3:26  SCV  
  34  3:27  Hellion  
  34  3:28  Hellion  
  34  3:34  Barracks Reactor  
  37  3:35  SCV  
  37  3:38  SCV, Banshee  
  37  3:39  Supply Depot  
  42  3:46  Supply Depot  
  42  3:47  SCV  
  43  3:53  Hellion  
  45  3:59  SCV  
  45  4:01  Hellion  
  48  4:06  SCV  
  49  4:11  SCV  
  49  4:13  Command Center  
  50  4:18  SCV  
  50  4:19  Liberator  
  50  4:20  Liberator  
  50  4:21  Armory  
  50  4:23  SCV  
  52  4:29  Supply Depot  
  52  4:30  SCV  
  59  4:40  SCV  
  59  4:42  SCV  
  61  4:49  Refinery  
  61  4:50  Refinery  
  61  4:51  Hellion x2  
  65  4:53  Supply Depot  
  65  4:55  SCV  
  65  4:56  SCV  
  67  5:09  SCV  
  67  5:12  SCV  
  69  5:15  Hellion x2  
  69  5:19  Starport x2  
  73  5:21  SCV  
  73  5:24  SCV  
  75  5:30  Orbital Command  
  75  5:33  SCV  
  76  5:38  SCV  
  76  5:40  Supply Depot  
  77  5:44  Hellion x2  
  77  5:46  Fusion Core, SCV  
  77  5:48  Terran Ship Weapons Level 1  
  82  5:50  SCV  
  82  5:56  Liberator x2  
  80  6:05  SCV  
  80  6:07  SCV  
  80  6:09  Hellion x5  
  80  6:13  Hellion x2  
  88  6:19  SCV  
  88  6:20  SCV  
  88  6:25  Starport Tech Lab x2  
  85  6:27  Orbital Command  
  85  6:32  SCV  
  86  6:35  Hellion, SCV  
  89  6:42  Supply Depot  
  89  6:44  Supply Depot, SCV  
  90  6:47  SCV  
  90  6:50  Banshee x2  
  90  6:52  Hyperflight Rotors  
  90  6:53  SCV  
  98  6:54  Liberator  
  98  6:56  SCV  
  98  6:57  Refinery  
  98  6:58  Refinery  
  98  6:59  SCV  
  100  7:05  SCV  
  100  7:08  SCV  
  102  7:11  SCV  
  102  7:13  Hellion x2  
  110  7:16  Supply Depot x2  
  110  7:17  Supply Depot  
  110  7:18  SCV  
  110  7:20  SCV, Liberator  
  112  7:24  SCV  
  113  7:30  SCV  
  113  7:32  SCV  
  113  7:33  Banshee  
  113  7:35  Banshee  
  117  7:38  Hellion x2, SCV  
  117  7:39  Liberator  
  117  7:41  Supply Depot  
  117  7:42  SCV  
  126  7:58  SCV x3  
  126  8:02  Command Center  
  126  8:04  Hellion x2  
  128  8:10  SCV x2  
  128  8:11  Starport, SCV  
  131  8:13  Starport  
  131  8:15  Liberator  
  131  8:16  Banshee  
  131  8:18  Banshee  
  137  8:20  Supply Depot x2  
  137  8:22  Supply Depot  
  137  8:31  Hellion x2  
  145  8:34  SCV  
Tags
 
Add a new tag
Caveats
  • Supply blocks, unpowered buildings, or Contaminate may cause inaccurate times.
  • Supply counts are checked every 10 seconds.